 Dungeon Crawl Stone Soup version 0.30-a0-458-g86641cc369 (webtiles) character file.

Game seed: 14615569884969793413

474 wvc the Magician (level 6, -4/33 HPs)
             Began as a Deep Elf Fire Elementalist on Dec 8, 2022.
             Was a Believer of Qazlal.
             Killed by divine providence
             ... invoked by an orc priest
              (11 damage)
             ... on level 4 of the Dungeon on Dec 14, 2022.
             The game lasted 00:10:20 (3469 turns).

wvc the Magician (Deep Elf Fire Elementalist)       Turns: 3469, Time: 00:10:21

Health: -4/33      AC:  6    Str:  5    XL:     6   Next: 84%
Magic:  5/16       EV: 13    Int: 22    God:    Qazlal [**....]
Gold:   135        SH:  2    Dex: 15    Spells: 12/15 levels left

rFire   . . .      SeeInvis .    e - +2 dagger (speed)
rCold   . . .      Faith    .    (no shield)
rNeg    . . .      Spirit   .    a - +0 robe
rPois   .          Reflect  .    j - +0 helmet
rElec   .          Harm     .    p - +0 cloak
rCorr   .          Rampage  .    o - +1 pair of gloves
Will    .....                    (no boots)
Stlth   ++........               (no amulet)
HPRegen 0.25/turn                (no ring)
MPRegen 0.15/turn                (no ring)

@: lethally poisoned (-4 -> -10)
A: no striking features
a: Renounce Religion, Upheaval


You were on level 4 of the Dungeon.
You worshipped Qazlal.
Qazlal was pleased with you.
You visited 1 branch of the dungeon, and saw 4 of its levels.

You collected 135 gold pieces.

Inventory:

Hand Weapons
 e - a +2 dagger of speed (weapon)
 s - a +4 flail
 w - a +4 dagger
Missiles
 h - 22 poisoned darts
Armour
 a - a +0 robe (worn)
 j - a +0 helmet (worn)
 o - a +1 pair of gloves (worn)
 p - a +0 cloak (worn)
Wands
 u - a wand of roots (4)
Scrolls
 f - 3 scrolls of immolation {unknown}
 k - 2 scrolls of fog {unknown}
 m - 2 scrolls of identify {unknown}
 q - a scroll of magic mapping {unknown}
Potions
 b - a potion of magic
 c - 2 potions of curing {unknown}
 d - 2 potions of might {unknown}
 g - a potion of heal wounds {unknown}
 i - a potion of ambrosia {unknown}
 l - a potion of lignification {unknown}
 n - a potion of attraction {unknown}
 r - a potion of mutation {unknown}
 t - 2 potions of brilliance {unknown}
 v - a potion of flight {unknown}


   Skills:
 - Level 0.9 Fighting
 - Level 1.4 Short Blades
 - Level 3.6 Dodging
 - Level 4.1 Stealth
 - Level 0.1 Shields
 + Level 5.3 Spellcasting
 + Level 3.0 Conjurations
 + Level 5.2 Fire Magic


You had 12 spell levels left.
You knew the following spells:

 Your Spells              Type           Power      Damage    Failure   Level
a - Foxfire               Conj/Fire      96%        2x1d8     1%          1
b - Scorch                Fire           58%        2d7       1%          2

Your spell library contained the following spells:

 Spells                   Type           Power      Damage    Failure   Level
 Inner Flame              Hex/Fire       17%        N/A       10%         3
 Kindle Blastsparks       Fire/Tloc/Air  26%        2d12      14%         3
 Flame Wave               Conj/Fire      24%        2d8       19%         4


Dungeon Overview and Level Annotations

Branches:
Dungeon (4/15)
 Temple: D:4-7

Altars:
Qazlal

Shops:
D:2 =


Message History

* * * LOW HITPOINT WARNING * * *
Casting: Foxfire (safe; 1% risk of failure)
Press: ? - help, Q - select action, (/) - cycle Dir - look around, f - activate You conjure some foxfire!
You hear a shout!
The foxfire hits the orc wizard.
You kill the orc wizard!
Qazlal accepts your kill.
A hobgoblin comes into view.
Your Conjurations skill increases to level 3!
Casting: Foxfire (safe; 1% risk of failure)
Press: ? - help, Q - select action, (/) - cycle Dir - look around, f - activate You conjure some foxfire!
The foxfire hits the orc priest but does no damage.
The foxfire hits the orc priest.
The orc priest is moderately wounded.
The foxfire hits the orc priest.
The orc priest is heavily wounded.
You block the orc priest's attack.
Casting: Foxfire (safe; 1% risk of failure)
Press: ? - help, Q - select action, (/) - cycle Dir - look around, f - activate You conjure some foxfire!
The foxfire hits the orc priest.
The orc priest is almost dead.
The orc priest hits you but does no damage.
You are poisoned.
Casting: Foxfire (safe; 1% risk of failure)
Press: ? - help, Q - select action, (/) - cycle Dir - look around, f - activate You conjure some foxfire!
* * * LOW HITPOINT WARNING * * *
You feel very sick.
The foxfire hits the orc priest but does no damage.
The orc priest is almost dead.
The foxfire hits the orc priest.
The orc priest is almost dead.
The foxfire hits the orc priest.
The orc priest is almost dead.
The orc priest calls down the wrath of Beogh upon you.
Beogh smites you!
You die...

### # .. #.#.## #.
..# #.##.# #..#.##
#..).##
##.o.v###############
#.#@§####...###...##
#.#§v###....###....#
#.#..###....###....#
#o#..##..#...#...#..
#o##..#†.##.....##..
#o.##....###...###..
##.###...###...###..
o. #######...#####
#.# ########.#


You could see an orc priest (ally target).

Vanquished Creatures
  Duvessa (D:3)
  A black bear (D:3)
  Dowan (D:3)
  A jelly (D:3)
  An iguana (D:4)
  2 orc wizards (D:4)
  5 adders
  A dart slug (D:1)
  4 orcs (D:4)
  5 endoplasms
  3 giant cockroaches
  15 goblins
  6 hobgoblins
  4 jackals (D:4)
  7 kobolds
  2 quokkas
  7 ball pythons
  3 bats
  3 frilled lizards
  4 rats
  A spectral hobgoblin (D:3)
  2 foxfires
79 creatures vanquished.

Vanquished Creatures (others)
  164 foxfires
164 creatures vanquished.

Grand Total: 243 creatures vanquished

Notes
Turn   | Place    | Note
-------+----------+-------------------------------------------
     0 | D:1      | wvc the Deep Elf Fire Elementalist began the quest for the
                  | Orb.
     0 | D:1      | Reached XP level 1. HP: 10/10 MP: 6/6
   149 | D:1      | Reached XP level 2. HP: 15/15 MP: 5/8
   744 | D:2      | Reached XP level 3. HP: 19/19 MP: 6/9
  1241 | D:2      | Reached XP level 4. HP: 21/24 MP: 7/11
  1461 | D:2      | Found Fauptoi's Jewellery Emporium.
  1869 | D:3      | Learned a level 2 spell: Scorch
  1874 | D:3      | Found a faded altar of an unknown god.
  1887 | D:3      | Prayed at the altar of an unknown god.
  1887 | D:3      | Became a worshipper of Qazlal Stormbringer
  1887 | D:3      | Reached * piety under Qazlal
  2037 | D:3      | Upgraded the game from 0.30-a0-422-g946f4849ff to
                  | 0.30-a0-458-g86641cc369
  2749 | D:4      | Noticed Duvessa
  2749 | D:4      | Noticed Dowan
  2868 | D:4      | Noticed a black bear
  2884 | D:3      | Killed a black bear
  2885 | D:3      | Reached skill level 1 in Short Blades
  2885 | D:3      | Reached XP level 5. HP: 12/28 MP: 6/13
  3016 | D:3      | Killed Duvessa
  3017 | D:3      | Reached XP level 6. HP: 18/33 MP: 7/15
  3081 | D:3      | Killed Dowan
  3082 | D:3      | Reached skill level 5 in Fire Magic
  3171 | D:4      | Found a stormy altar of Qazlal.
  3399 | D:4      | Reached ** piety under Qazlal
  3400 | D:4      | Reached skill level 5 in Spellcasting
  3469 | D:4      | Killed from afar by an orc priest

Illustrated notes

Levels and vault maps discovered:
D:1:      dpeg_arrival_arbitrary_c, layout_basic
D:2:      layout_loops_ring, serial_shops, nicolae_shop_trees
D:3:      kennysheep_the_goblin_king, layout_basic,
          dreamdust_ecumenical_altar_drowned_temple, minmay_misc_feat_iff
D:4:      layout_loops_ring, nicolae_qazlal_general_emergency,
          hangedman_glass_teeth, uniq_duvessa, uniq_crazy_yiuf_cottage

Skill      XL: |  1  2  3  4  5  6 |
---------------+-------------------+-----
Fire Magic     | 4 5 |  5.2
Stealth        | 3 4 |  4.1
Conjurations   | 2 3 |  3.0
Spellcasting   | 4 5 |  5.3
Short Blades   | 1 |  1.4
Dodging        | 3 |  3.6
Fighting       | |  0.9
Shields        | |  0.1

Action                   |  1- 3 |  4- 6 || total
-------------------------+-------+-------++-------
Melee: Dagger            |    44 |    46 ||    90
 Cast: Foxfire           |    33 |    65 ||    98
       Scorch            |       |     6 ||     6
 Stab: Sleeping          |     3 |       ||     3
Armor: Robe              |     5 |    25 ||    30
Dodge: Dodged            |    35 |    52 ||    87
Block: Other             |       |     4 ||     4

Table legend: (Time is in decaauts)
 A = Elapsed time spent in this place.
 B = Non-inter-level travel time spent in this place.
 C = Inter-level travel time spent in this place.
 D = Time resting spent in this place.
 E = Time spent auto-exploring this place.
 F = Levels seen in this place.
 G = Mean time per level.
                   A        B        C        D        E       F      G
               +--------+--------+--------+--------+--------+-----+--------+
         Total |   3448 |   3365 |     83 |    274 |   2399 |   4 |  862.0 |
       Dungeon |   3448 |   3365 |     83 |    274 |   2399 |   4 |  862.0 |
               +--------+--------+--------+--------+--------+-----+--------+

Top non-repeatable levels by time:
     D:3: 1339 daAuts
     D:2: 933 daAuts
     D:1: 704 daAuts
     D:4: 470 daAuts
